 Dungeon Crawl Stone Soup version 0.27-a0-1184-ge86db4a01e (webtiles) character file.

Game seed: 18000651584533724095

13 bande the Skirmisher (level 2, -2/19 HPs)
             Began as a Gargoyle Fighter on May 19, 2021.
             Slain by an adder (4 damage)
             ... on level 2 of the Dungeon.
             The game lasted 00:01:15 (1154 turns).

bande the Skirmisher (Gargoyle Fighter)             Turns: 1154, Time: 00:01:16

Health: -2/19      AC:  9    Str: 19    XL:     2   Next: 37%
Magic:  2/2        EV:  7    Int:  8    God:
Gold:   2          SH:  9    Dex:  9    Spells: 1/1 levels left

rFire    . . .     SeeInvis .   a - +0 war axe
rCold    . . .     Faith    .   c - +0 kite shield
rNeg     + . .     Spirit   .   b - +0 scale mail
rPois    ∞         Reflect  .   (no helmet)
rElec    +         Harm     .   (no cloak)
rCorr    .         Rampage  .   (no gloves)
Will     .....                  (no boots)
Stlth    ..........             (no amulet)
HPRegen  0.06/turn              (no ring)
MPRegen  0.08/turn              (no ring)

@: no status effects
A: sickness immunity, AC +2, negative energy resistance 1, electricity
resistance, torment resistance 1, petrification resistance
a: no special abilities


You were on level 2 of the Dungeon.
You visited 1 branch of the dungeon, and saw 2 of its levels.

You collected 2 gold pieces.

Inventory:

Hand Weapons
 a - a +0 war axe (weapon)
Armour
 b - a +0 scale mail (worn)
 c - a +0 kite shield (worn)
Potions
 d - a potion of might
 f - a potion of flight {unknown}


   Skills:
 + Level 3.6 Fighting
 + Level 1.8 Axes
 + Level 3.5 Armour
 + Level 0.1 Dodging
 + Level 3.5 Shields


You had one spell level left.
You didn't know any spells.
Your spell library was empty.

Dungeon Overview and Level Annotations

Branches:
Dungeon (2/15)

Altars:


Innate Abilities, Weirdness & Mutations

You are immune to sickness and miasma.
Your stone body is resilient. (AC +2)
You are immune to poison.
You resist negative energy. (rN+)
You are resistant to electric shocks. (rElec)
You are resistant to unholy torment.
You are immune to petrification.


Message History

You block the adder's attack.
Your shield and scale mail prevent you from hitting the adder.
You miss the adder. The adder barely misses you. The adder closely misses you.
The adder barely misses you. You block the adder's attack.
The adder bites you but does no damage.
You miss the adder. You barely miss the adder. The adder bites you.
The adder barely misses you. The adder bites you but does no damage.
The adder bites you.
You closely miss the adder. You miss the adder.
The adder bites you but does no damage. x2; The adder bites you.
You block the adder's attack.
You barely miss the adder. You miss the adder. You block the adder's attack. x2
The adder bites you but does no damage. x2
You hit the adder but do no damage. You closely miss the adder.
You block the adder's attack. The adder bites you but does no damage.
The adder barely misses you. The adder bites you but does no damage.
The adder bites you.
You miss the adder.
Your scale mail prevents you from hitting the adder.
The adder bites you but does no damage. You block the adder's attack.
The adder bites you. x2
Unknown command.
The adder barely misses you. You block the adder's attack.
You block the adder's attack.
You slash the adder!
The adder is severely wounded.
The adder bites you.
You closely miss the adder.
Your shield prevents you from hitting the adder.
You block the adder's attack. The adder bites you.
* * * LOW HITPOINT WARNING * * *
The adder bites you but does no damage. The adder closely misses you.
You miss the adder. You closely miss the adder. The adder closely misses you.
The adder bites you but does no damage. The adder bites you.
* * * LOW HITPOINT WARNING * * *
The adder bites you but does no damage. You block the adder's attack.
You miss the adder. You barely miss the adder.
The adder bites you but does no damage. The adder bites you.
You die...

.. .## #.. ..# #.. #.#
# # #..##.# ..# #
#...... ########...# #
..#.....###...........
........#@S...........
#......S#...........
#.#.#.########.#...# #
### #.#.#.# .# ..# #
##.## #.....# # # #
##.#>#####.### #
#.#........#
####...#######
...##.##


You could see 2 adders.

Vanquished Creatures
  A bat (D:1)
  An endoplasm (D:1)
  A goblin (D:1)
  2 jackals (D:1)
  2 quokkas
  A frilled lizard (D:1)
  A kobold (D:1)
  3 rats (D:1)
12 creatures vanquished.

Notes
Turn   | Place    | Note
-------+----------+-------------------------------------------
     0 | D:1      | bande the Gargoyle Fighter began the quest for the Orb.
     0 | D:1      | Reached XP level 1. HP: 14/14 MP: 1/1
   446 | D:1      | Reached XP level 2. HP: 19/19 MP: 2/2
  1154 | D:2      | Slain by an adder

Illustrated notes

Levels and vault maps discovered:
D:1:      mrwooster_arrival_statue_3, layout_basic
D:2:      layout_loops_cross, hellmonk_ecumenical_altar_pennies_from_heaven

Action                   || total
-------------------------++-------
Melee: War axe           ||    60
  Use: Scroll            ||     1
Armor: Scale mail        ||    49
Dodge: Dodged            ||    27
Block: Kite shield       ||    36

Table legend: (Time is in decaauts)
 A = Elapsed time spent in this place.
 B = Non-inter-level travel time spent in this place.
 C = Inter-level travel time spent in this place.
 D = Time resting spent in this place.
 E = Time spent auto-exploring this place.
 F = Levels seen in this place.
 G = Mean time per level.
                   A        B        C        D        E       F      G
               +--------+--------+--------+--------+--------+-----+--------+
         Total |   1191 |   1191 |      0 |    315 |    693 |   2 |  595.5 |
       Dungeon |   1191 |   1191 |      0 |    315 |    693 |   2 |  595.5 |
               +--------+--------+--------+--------+--------+-----+--------+

Top non-repeatable levels by time:
     D:1: 1097 daAuts
     D:2: 94 daAuts
